AoeStats
← Fallout

African Clearing

510866327Analyzed
4v4 RM · 20h ago on Oct 2, 2026· 10m 54s· 8 players
Game mode
Random Map
Map size
Large (8 player)
Population
200
Speed
Normal
Resources
Standard
Victory
Conquest
Starting age
Dark Age
Ending age
Imperial Age
RankedLock teamsTeams togetherTeam positionsShared explorationLock speedFull tech treeHidden civsTurbo modeCheats
Victory
Defeat
🇬🇧 Wei · United Kingdom
1705
+9
🇺🇸 Malians · United States
1648
+12
1572
+15
🇺🇸 Bulgarians · United States
1463
+18
🇸🇮 Saxons · Slovenia
1590
-15
🇦🇷 Romans · Argentina
1552
-14
🇲🇽 Mongols · Mexico
1525
-13
🇵🇪 Byzantines · Peru
1510
-12
Alexis
10:04 Loom
12:42 Feudal Age
smen
5:02 Loom
CTM | KLIN
3:51 Loom
A spoon full of love
5:03 Loom
Jaxto
8:29 Loom
12:39 Feudal Age
YOGRANNYCANTSCRAP
4:02 Loom
Fallout
8:15 Loom
13:02 Feudal Age
Thundernips, The Ultimate Gigolo
12:28 Feudal Age
Connection lost

Rejoining the realm…

Still unreachable

The connection could not be restored.

Session expired

The server has moved on; the page needs a fresh start.